[ PARTIDA AOE2 · #475390306 ]
Team RMFrancos vs Turks
[ ANÁLISIS DE REPETICIÓN · EXTRAÍDO DE LA PARTIDA GRABADA ]
Feudal
10:43
Castillos
—
Imperial
—
| APM promedio | 31.5 |
| APM pico | 57 |
| eAPM promedio | 13.4 |
| Aldeanos / militares | 45 / 5 |
Foco
⚔️ 9.7% · 🌾 90.3%
Scout Cavalry ×5
Feudal
8:37
Castillos
22:54
Imperial
—
| APM promedio | 24.9 |
| APM pico | 40 |
| eAPM promedio | 15.5 |
| Aldeanos / militares | 43 / 55 |
Foco
⚔️ 39.0% · 🌾 61.0%
Archer ×55
Feudal
10:54
Castillos
17:35
Imperial
—
| APM promedio | 29.6 |
| APM pico | 73 |
| eAPM promedio | 10.9 |
| Aldeanos / militares | 38 / 15 |
Foco
⚔️ 14.8% · 🌾 85.2%
Janissary ×15
Feudal
9:43
Castillos
—
Imperial
—
| APM promedio | 29.4 |
| APM pico | 77 |
| eAPM promedio | 15.0 |
| Aldeanos / militares | 66 / 13 |
Foco
⚔️ 28.3% · 🌾 71.7%
Scout Cavalry ×13
Mapa de la partida
Recursos al inicio + cada clic de construcción. Línea gruesa = muro · recuadro discontinuo = muro de casas detectado. 🟡 oro · ⚪ piedra · 🟢 bayas · 🔶 jabalí · ⭕ reliquia
Inputs por minuto
— kingthom - - kingrog
Build order — kingthom
102 acciones detectadas en el replay
| 0:03 | Crear | Villager (Male) |
| 0:04 | Crear | Villager (Male) |
| 0:04 | Crear | Villager (Male) |
| 0:04 | Crear | Villager (Male) |
| 0:04 | Crear | Villager (Male) |
| 0:13 | Construir | House |
| 0:15 | Construir | House |
| 0:21 | Construir | House |
| 1:35 | Crear | Villager (Male) |
| 1:36 | Crear | Villager (Male) |
| 2:29 | Crear | Villager (Male) |
| 2:30 | Crear | Villager (Male) |
| 3:13 | Crear | Villager (Male) |
| 3:13 | Crear | Villager (Male) |
| 3:13 | Crear | Villager (Male) |
| 3:48 | Crear | Villager (Male) |
| 3:48 | Crear | Villager (Male) |
| 3:49 | Crear | Villager (Male) |
| 4:34 | Construir | Lumber Camp |
| 5:09 | Crear | Villager (Male) |
| 5:10 | Crear | Villager (Male) |
| 6:06 | Crear | Villager (Male) |
| 6:06 | Crear | Villager (Male) |
| 6:44 | Crear | Villager (Male) |
| 7:20 | Crear | Villager (Male) |
| 7:39 | Investigar | Loom |
| 7:45 | Construir | Mill |
| 7:56 | Crear | Villager (Male) |
| 8:09 | Construir | Mining Camp |
| 8:27 | Crear | Villager (Male) |
| 8:33 | Investigar | Feudal Age |
| 9:34 | Crear | Villager (Male) |
| 9:52 | Construir | Mill |
| 10:43 | Edad | Edad Feudal |
| 10:46 | Crear | Villager (Male) |
| 11:19 | Construir | House |
| 11:25 | Investigar | Wheelbarrow |
| 11:34 | Construir | House |
| 11:36 | Construir | House |
| 12:01 | Crear | Villager (Male) |
| 12:05 | Construir | House |
| 12:26 | Construir | Barracks |
| 12:31 | Crear | Villager (Male) |
| 12:42 | Construir | Blacksmith |
| 12:46 | Construir | House |
| 12:53 | Construir | Stone Wall |
| 12:58 | Crear | Villager (Male) |
| 13:26 | Crear | Villager (Male) |
| 13:40 | Construir | Stable |
| 13:55 | Construir | Stone Wall |
| 13:58 | Crear | Villager (Male) |
| 14:22 | Construir | Stone Wall |
| 14:28 | Construir | Farm |
| 14:29 | Construir | Farm |
| 14:29 | Construir | Farm |
| 14:29 | Construir | Farm |
| 14:29 | Construir | Farm |
| 14:30 | Construir | Farm |
| 14:42 | Construir | House |
| 14:44 | Construir | House |
| 14:46 | Crear | Villager (Male) |
| 14:52 | Crear | Scout Cavalry |
| 14:52 | Crear | Scout Cavalry |
| 15:00 | Construir | House |
| 15:07 | Crear | Villager (Male) |
| 15:31 | Construir | Stone Wall |
| 15:35 | Construir | House |
| 15:36 | Crear | Villager (Male) |
| 15:46 | Construir | Stone Wall |
| 15:53 | Construir | Mining Camp |
| 15:56 | Crear | Scout Cavalry |
| 16:07 | Crear | Villager (Male) |
| 16:07 | Crear | Villager (Male) |
| 16:15 | Construir | House |
| 16:23 | Construir | Farm |
| 16:23 | Construir | Farm |
| 16:23 | Construir | Farm |
| 16:24 | Construir | Farm |
| 16:24 | Construir | Farm |
| 16:24 | Construir | Farm |
| 16:35 | Crear | Scout Cavalry |
| 16:35 | Crear | Scout Cavalry |
| 16:52 | Investigar | Forging |
| 17:03 | Crear | Villager (Male) |
| 17:04 | Crear | Villager (Male) |
| 17:08 | Construir | Farm |
| 17:12 | Construir | Farm |
| 17:15 | Construir | Farm |
| 17:16 | Construir | Farm |
| 17:56 | Construir | Farm |
| 18:14 | Crear | Villager (Male) |
| 18:15 | Crear | Villager (Male) |
| 18:20 | Construir | Farm |
| 18:35 | Crear | Villager (Male) |
| 18:43 | Construir | Farm |
| 19:26 | Crear | Villager (Male) |
| 19:40 | Construir | Farm |
| 21:20 | Crear | Villager (Male) |
| 21:22 | Crear | Villager (Male) |
| 21:42 | Crear | Villager (Male) |
| 22:02 | Crear | Villager (Male) |
| 22:38 | Investigar | Castle Age |
Build order — kingrog
Primeras 150 de 161 acciones detectadas
| 0:00 | Crear | Villager (Male) |
| 0:01 | Crear | Villager (Male) |
| 0:01 | Crear | Villager (Male) |
| 0:01 | Crear | Villager (Male) |
| 0:03 | Construir | House |
| 0:05 | Construir | House |
| 1:16 | Crear | Villager (Male) |
| 1:49 | Crear | Villager (Male) |
| 1:49 | Crear | Villager (Male) |
| 1:50 | Crear | Villager (Male) |
| 1:51 | Crear | Villager (Male) |
| 2:01 | Construir | Lumber Camp |
| 2:10 | Crear | Villager (Male) |
| 2:11 | Crear | Villager (Male) |
| 2:44 | Crear | Villager (Male) |
| 2:44 | Crear | Villager (Male) |
| 3:14 | Crear | Villager (Male) |
| 3:27 | Construir | House |
| 3:30 | Crear | Villager (Male) |
| 3:56 | Crear | Villager (Male) |
| 3:56 | Crear | Villager (Male) |
| 4:14 | Crear | Villager (Male) |
| 4:31 | Construir | Mill |
| 5:04 | Crear | Villager (Male) |
| 5:21 | Construir | House |
| 6:27 | Investigar | Feudal Age |
| 6:53 | Construir | Barracks |
| 7:12 | Investigar | Loom |
| 7:12 | Crear | Villager (Male) |
| 7:38 | Construir | House |
| 7:52 | Construir | Mining Camp |
| 8:37 | Edad | Edad Feudal |
| 8:41 | Construir | Archery Range |
| 8:45 | Construir | Palisade Wall |
| 9:15 | Construir | Archery Range |
| 9:20 | Construir | Palisade Wall |
| 9:24 | Crear | Villager (Male) |
| 9:25 | Crear | Villager (Male) |
| 9:34 | Crear | Villager (Male) |
| 9:41 | Crear | Archer |
| 9:50 | Construir | Palisade Wall |
| 9:59 | Crear | Villager (Male) |
| 10:23 | Crear | Villager (Male) |
| 10:26 | Crear | Archer |
| 10:57 | Crear | Archer |
| 11:08 | Construir | Blacksmith |
| 11:14 | Construir | Palisade Wall |
| 11:16 | Crear | Villager (Male) |
| 11:25 | Construir | House |
| 11:28 | Crear | Archer |
| 11:29 | Crear | Archer |
| 11:29 | Crear | Villager (Male) |
| 11:39 | Construir | Palisade Wall |
| 11:42 | Crear | Villager (Male) |
| 11:44 | Crear | Archer |
| 11:45 | Crear | Archer |
| 11:55 | Investigar | Double-Bit Axe |
| 12:04 | Crear | Archer |
| 12:04 | Crear | Archer |
| 12:12 | Construir | Palisade Wall |
| 12:14 | Crear | Villager (Male) |
| 12:15 | Crear | Villager (Male) |
| 12:33 | Investigar | Fletching |
| 12:45 | Construir | House |
| 12:50 | Crear | Archer |
| 12:50 | Crear | Archer |
| 13:04 | Construir | Farm |
| 13:07 | Crear | Villager (Male) |
| 13:17 | Construir | Farm |
| 13:19 | Crear | Archer |
| 13:19 | Crear | Archer |
| 13:38 | Crear | Archer |
| 13:39 | Crear | Archer |
| 13:39 | Crear | Villager (Male) |
| 13:41 | Construir | Farm |
| 13:53 | Construir | House |
| 13:58 | Crear | Archer |
| 13:58 | Crear | Archer |
| 14:14 | Crear | Archer |
| 14:14 | Crear | Archer |
| 14:17 | Construir | Farm |
| 14:19 | Construir | Farm |
| 14:30 | Crear | Villager (Male) |
| 14:31 | Crear | Archer |
| 14:32 | Crear | Archer |
| 14:46 | Crear | Villager (Male) |
| 14:46 | Crear | Villager (Male) |
| 14:48 | Construir | Farm |
| 15:00 | Construir | House |
| 15:01 | Construir | House |
| 15:16 | Crear | Archer |
| 15:16 | Crear | Archer |
| 15:16 | Crear | Villager (Male) |
| 15:48 | Construir | Farm |
| 15:49 | Construir | Farm |
| 15:49 | Construir | Farm |
| 15:49 | Construir | Farm |
| 15:49 | Construir | Farm |
| 15:50 | Construir | Farm |
| 15:53 | Construir | House |
| 15:58 | Crear | Archer |
| 15:59 | Crear | Archer |
| 16:28 | Construir | Farm |
| 16:28 | Construir | Farm |
| 16:28 | Construir | Farm |
| 16:29 | Construir | Farm |
| 16:29 | Construir | Farm |
| 16:32 | Crear | Villager (Male) |
| 16:32 | Crear | Archer |
| 16:33 | Crear | Archer |
| 16:59 | Construir | Farm |
| 17:02 | Construir | Farm |
| 17:07 | Crear | Archer |
| 17:07 | Crear | Archer |
| 17:07 | Crear | Archer |
| 18:02 | Crear | Villager (Male) |
| 18:03 | Crear | Villager (Male) |
| 18:03 | Crear | Villager (Male) |
| 18:11 | Construir | Lumber Camp |
| 18:14 | Crear | Villager (Male) |
| 18:16 | Crear | Archer |
| 18:16 | Crear | Archer |
| 18:30 | Crear | Archer |
| 18:30 | Crear | Archer |
| 18:32 | Crear | Villager (Male) |
| 18:34 | Construir | Farm |
| 18:54 | Crear | Villager (Male) |
| 18:55 | Construir | Farm |
| 18:59 | Crear | Archer |
| 18:59 | Crear | Archer |
| 19:21 | Crear | Archer |
| 19:21 | Crear | Archer |
| 19:21 | Crear | Archer |
| 19:29 | Construir | House |
| 19:30 | Construir | House |
| 20:06 | Construir | Farm |
| 20:12 | Investigar | Castle Age |
| 20:12 | Investigar | Castle Age |
| 20:16 | Crear | Archer |
| 20:16 | Crear | Archer |
| 20:16 | Crear | Archer |
| 20:19 | Investigar | Padded Archer Armor |
| 20:42 | Crear | Archer |
| 20:42 | Crear | Archer |
| 21:08 | Crear | Archer |
| 21:08 | Crear | Archer |
| 21:11 | Investigar | Horse Collar |
| 21:46 | Crear | Archer |
| 21:46 | Crear | Archer |
| 21:46 | Crear | Archer |
Build order — Mumcuakon
108 acciones detectadas en el replay
| 0:01 | Crear | Villager (Male) |
| 0:02 | Crear | Villager (Male) |
| 0:03 | Construir | House |
| 0:05 | Construir | House |
| 0:12 | Crear | Villager (Male) |
| 0:24 | Crear | Villager (Male) |
| 1:25 | Crear | Villager (Male) |
| 2:13 | Crear | Villager (Male) |
| 2:16 | Crear | Villager (Male) |
| 2:16 | Crear | Villager (Male) |
| 2:21 | Investigar | Loom |
| 2:22 | Investigar | Loom |
| 2:42 | Crear | Villager (Male) |
| 3:13 | Construir | House |
| 3:15 | Construir | House |
| 3:26 | Crear | Villager (Male) |
| 3:50 | Crear | Villager (Male) |
| 4:17 | Construir | Lumber Camp |
| 4:55 | Crear | Villager (Male) |
| 5:21 | Crear | Villager (Male) |
| 5:45 | Crear | Villager (Male) |
| 6:11 | Crear | Villager (Male) |
| 6:14 | Construir | Mill |
| 6:52 | Crear | Villager (Male) |
| 7:19 | Crear | Villager (Male) |
| 7:45 | Crear | Villager (Male) |
| 7:51 | Construir | Barracks |
| 8:11 | Crear | Villager (Male) |
| 8:29 | Construir | Palisade Wall |
| 8:44 | Investigar | Feudal Age |
| 8:44 | Investigar | Feudal Age |
| 8:44 | Investigar | Feudal Age |
| 8:53 | Construir | House |
| 8:57 | Construir | Palisade Wall |
| 9:12 | Construir | Mill |
| 10:09 | Construir | House |
| 10:12 | Construir | Palisade Wall |
| 10:40 | Construir | Mining Camp |
| 10:42 | Crear | Villager (Male) |
| 10:54 | Edad | Edad Feudal |
| 10:56 | Crear | Villager (Male) |
| 11:18 | Construir | Palisade Wall |
| 11:21 | Crear | Villager (Male) |
| 11:24 | Construir | House |
| 11:26 | Construir | House |
| 11:28 | Construir | Palisade Wall |
| 12:13 | Crear | Villager (Male) |
| 12:37 | Crear | Villager (Male) |
| 12:45 | Construir | Market |
| 12:51 | Construir | House |
| 13:19 | Crear | Villager (Male) |
| 13:26 | Construir | Blacksmith |
| 13:52 | Crear | Villager (Male) |
| 13:57 | Construir | House |
| 14:00 | Construir | Palisade Wall |
| 14:23 | Crear | Villager (Male) |
| 14:53 | Construir | Mining Camp |
| 14:55 | Investigar | Castle Age |
| 15:44 | Investigar | Horse Collar |
| 15:44 | Investigar | Horse Collar |
| 15:47 | Construir | Farm |
| 15:48 | Construir | Farm |
| 16:07 | Construir | Farm |
| 16:08 | Construir | Farm |
| 17:28 | Crear | Villager (Male) |
| 17:35 | Edad | Edad de los Castillos |
| 17:42 | Construir | Castle |
| 18:02 | Construir | Farm |
| 18:03 | Crear | Villager (Male) |
| 18:13 | Construir | House |
| 18:33 | Crear | Villager (Male) |
| 18:44 | Construir | Farm |
| 18:44 | Construir | Farm |
| 18:44 | Construir | Farm |
| 18:45 | Construir | Farm |
| 18:45 | Construir | Farm |
| 19:07 | Crear | Villager (Male) |
| 19:10 | Construir | Farm |
| 19:14 | Crear | Janissary |
| 19:17 | Crear | Janissary |
| 19:17 | Crear | Janissary |
| 19:21 | Crear | Janissary |
| 19:23 | Crear | Villager (Male) |
| 19:47 | Crear | Janissary |
| 19:52 | Crear | Villager (Male) |
| 19:54 | Construir | Farm |
| 20:03 | Construir | Farm |
| 20:23 | Crear | Janissary |
| 20:28 | Crear | Villager (Male) |
| 20:30 | Construir | Farm |
| 20:37 | Construir | House |
| 20:42 | Crear | Janissary |
| 20:46 | Construir | Building 804 |
| 21:05 | Crear | Janissary |
| 21:19 | Crear | Janissary |
| 21:29 | Crear | Villager (Male) |
| 21:31 | Construir | Farm |
| 21:38 | Construir | Farm |
| 21:41 | Crear | Janissary |
| 21:43 | Crear | Villager (Male) |
| 21:57 | Construir | Farm |
| 22:02 | Crear | Janissary |
| 22:32 | Crear | Janissary |
| 22:33 | Crear | Janissary |
| 22:44 | Crear | Janissary |
| 22:51 | Crear | Janissary |
| 22:53 | Crear | Villager (Male) |
| 23:29 | Crear | Villager (Male) |
Build order — NAMAZI BILLI 007
129 acciones detectadas en el replay
| 0:01 | Crear | Villager (Male) ×4 |
| 0:02 | Crear | Villager (Male) ×4 |
| 0:03 | Construir | House |
| 0:04 | Construir | House |
| 1:29 | Crear | Villager (Male) |
| 1:29 | Crear | Villager (Male) |
| 1:58 | Crear | Villager (Male) |
| 2:04 | Construir | Lumber Camp |
| 2:24 | Crear | Villager (Male) |
| 2:25 | Crear | Villager (Male) |
| 2:54 | Crear | Villager (Male) |
| 2:55 | Crear | Villager (Male) |
| 3:19 | Crear | Villager (Male) |
| 3:19 | Crear | Villager (Male) |
| 3:26 | Construir | House |
| 3:31 | Construir | Palisade Wall |
| 3:34 | Construir | Palisade Wall |
| 3:38 | Crear | Villager (Male) |
| 3:38 | Crear | Villager (Male) |
| 4:05 | Crear | Villager (Male) ×2 |
| 4:05 | Crear | Villager (Male) ×2 |
| 4:43 | Crear | Villager (Male) |
| 4:43 | Crear | Villager (Male) |
| 4:53 | Crear | Villager (Male) ×2 |
| 4:53 | Crear | Villager (Male) ×2 |
| 5:16 | Construir | Mill |
| 5:37 | Construir | House |
| 5:40 | Construir | Palisade Wall |
| 5:55 | Construir | House |
| 6:02 | Construir | Palisade Wall |
| 6:17 | Crear | Villager (Male) ×5 |
| 6:17 | Crear | Villager (Male) ×5 |
| 6:18 | Crear | Villager (Male) |
| 6:35 | Construir | Palisade Wall |
| 7:05 | Crear | Villager (Male) |
| 7:14 | Construir | House |
| 7:17 | Construir | Palisade Wall |
| 7:22 | Construir | Palisade Wall |
| 7:33 | Investigar | Feudal Age |
| 7:52 | Construir | House |
| 7:57 | Construir | Palisade Wall |
| 8:03 | Construir | Palisade Wall |
| 8:32 | Construir | Palisade Wall |
| 8:50 | Construir | Palisade Wall |
| 9:43 | Edad | Edad Feudal |
| 9:49 | Construir | Palisade Wall |
| 10:01 | Construir | Barracks |
| 10:02 | Crear | Villager (Male) |
| 10:02 | Crear | Villager (Male) |
| 10:02 | Crear | Villager (Male) |
| 10:14 | Construir | Palisade Wall |
| 10:25 | Investigar | Loom |
| 10:28 | Construir | Palisade Wall |
| 10:43 | Crear | Villager (Male) |
| 10:44 | Crear | Villager (Male) |
| 10:44 | Crear | Villager (Male) |
| 10:56 | Construir | Palisade Wall |
| 11:20 | Construir | Palisade Wall |
| 11:26 | Construir | Palisade Wall |
| 11:31 | Construir | Mill |
| 11:35 | Crear | Villager (Male) |
| 12:06 | Investigar | Double-Bit Axe |
| 12:09 | Crear | Villager (Male) |
| 12:09 | Crear | Villager (Male) |
| 12:38 | Crear | Villager (Male) |
| 12:38 | Crear | Villager (Male) |
| 12:55 | Construir | Stable |
| 13:01 | Crear | Villager (Male) |
| 13:11 | Construir | Farm |
| 13:12 | Construir | Farm |
| 13:13 | Construir | Farm |
| 13:14 | Construir | Farm |
| 13:14 | Construir | Farm |
| 13:15 | Construir | Farm |
| 13:31 | Construir | Farm |
| 13:58 | Crear | Scout Cavalry |
| 13:58 | Crear | Scout Cavalry |
| 14:04 | Construir | Farm |
| 14:05 | Construir | Farm |
| 14:14 | Crear | Villager (Male) |
| 14:20 | Construir | House |
| 14:21 | Construir | House |
| 14:30 | Crear | Villager (Male) |
| 14:55 | Crear | Scout Cavalry |
| 14:59 | Construir | Farm |
| 15:00 | Construir | Farm |
| 15:03 | Construir | Farm |
| 15:04 | Construir | Farm |
| 15:05 | Construir | Farm |
| 15:07 | Construir | Farm |
| 15:08 | Construir | Farm |
| 15:10 | Construir | Farm |
| 15:11 | Construir | Farm |
| 15:13 | Crear | Villager (Male) |
| 15:26 | Crear | Scout Cavalry |
| 15:34 | Crear | Scout Cavalry |
| 15:37 | Construir | House |
| 15:44 | Construir | Market |
| 15:47 | Crear | Villager (Male) |
| 15:58 | Construir | Mining Camp |
| 16:14 | Crear | Scout Cavalry |
| 16:37 | Crear | Villager (Male) |
| 16:46 | Construir | Blacksmith |
| 17:10 | Construir | Farm |
| 17:11 | Crear | Villager (Male) |
| 17:12 | Crear | Villager (Male) |
| 17:12 | Crear | Villager (Male) |
| 17:53 | Construir | Farm |
| 17:56 | Construir | House |
| 17:58 | Construir | Farm |
| 18:01 | Investigar | Scale Barding Armor |
| 18:06 | Crear | Scout Cavalry |
| 18:06 | Crear | Scout Cavalry |
| 18:06 | Crear | Scout Cavalry |
| 18:33 | Construir | Farm |
| 18:34 | Crear | Villager (Male) |
| 18:50 | Construir | House |
| 19:32 | Crear | Scout Cavalry |
| 19:50 | Crear | Villager (Male) |
| 19:51 | Crear | Villager (Male) |
| 19:51 | Crear | Villager (Male) |
| 20:06 | Construir | Farm |
| 20:25 | Crear | Scout Cavalry |
| 20:27 | Crear | Scout Cavalry |
| 20:48 | Investigar | Forging |
| 20:57 | Crear | Villager (Male) |
| 21:14 | Construir | House |
| 21:18 | Construir | House |
| 21:54 | Crear | Scout Cavalry |
Cronología de la partida
| 3:31 | NAMAZI BILLI 007 · wall_segment Palisade Wall x9 |
| 3:34 | NAMAZI BILLI 007 · wall_segment Palisade Wall x1 |
| 5:40 | NAMAZI BILLI 007 · wall_segment Palisade Wall x1 |
| 6:02 | NAMAZI BILLI 007 · wall_segment Palisade Wall x5 |
| 6:35 | NAMAZI BILLI 007 · wall_segment Palisade Wall x5 |
| 6:53 | kingrog · first_building Barracks |
| 7:17 | NAMAZI BILLI 007 · wall_segment Palisade Wall x5 |
| 7:22 | NAMAZI BILLI 007 · wall_segment Palisade Wall x9 |
| 7:51 | Mumcuakon · first_building Barracks |
| 7:57 | NAMAZI BILLI 007 · wall_segment Palisade Wall x7 |
| 8:03 | NAMAZI BILLI 007 · wall_segment Palisade Wall x4 |
| 8:29 | Mumcuakon · wall_segment Palisade Wall x8 |
| 8:32 | NAMAZI BILLI 007 · wall_segment Palisade Wall x1 |
| 8:37 | kingrog · age_up feudal |
| 8:41 | kingrog · first_building Archery Range |
| 8:45 | kingrog · wall_segment Palisade Wall x1 |
| 8:50 | NAMAZI BILLI 007 · wall_segment Palisade Wall x6 |
| 8:57 | Mumcuakon · wall_segment Palisade Wall x6 |
| 9:20 | kingrog · wall_segment Palisade Wall x9 |
| 9:43 | NAMAZI BILLI 007 · age_up feudal |
| 9:49 | NAMAZI BILLI 007 · wall_segment Palisade Wall x1 |
| 9:50 | kingrog · wall_segment Palisade Wall x5 |
| 10:01 | NAMAZI BILLI 007 · first_building Barracks |
| 10:12 | Mumcuakon · wall_segment Palisade Wall x4 |
| 10:14 | NAMAZI BILLI 007 · wall_segment Palisade Wall x5 |
| 10:28 | NAMAZI BILLI 007 · wall_segment Palisade Wall x1 |
| 10:43 | kingthom · age_up feudal |
| 10:54 | Mumcuakon · age_up feudal |
| 10:56 | NAMAZI BILLI 007 · wall_segment Palisade Wall x7 |
| 11:14 | kingrog · wall_segment Palisade Wall x6 |
| 11:18 | Mumcuakon · wall_segment Palisade Wall x18 |
| 11:20 | NAMAZI BILLI 007 · wall_segment Palisade Wall x2 |
| 11:26 | NAMAZI BILLI 007 · wall_segment Palisade Wall x3 |
| 11:28 | Mumcuakon · wall_segment Palisade Wall x1 |
| 11:39 | kingrog · wall_segment Palisade Wall x13 |
| 12:12 | kingrog · wall_segment Palisade Wall x18 |
| 12:26 | kingthom · first_building Barracks |
| 12:53 | kingthom · wall_segment Stone Wall x5 |
| 12:55 | NAMAZI BILLI 007 · first_building Stable |
| 13:40 | kingthom · first_building Stable |
| 13:55 | kingthom · wall_segment Stone Wall x6 |
| 14:00 | Mumcuakon · wall_segment Palisade Wall x8 |
| 14:22 | kingthom · wall_segment Stone Wall x11 |
| 14:41 | Mumcuakon · first_market_buy 100 food |
| 15:31 | kingthom · wall_segment Stone Wall x10 |
| 15:46 | kingthom · wall_segment Stone Wall x18 |
| 17:35 | Mumcuakon · age_up castle |
| 17:42 | Mumcuakon · first_building Castle |
| 22:13 | NAMAZI BILLI 007 · resign |
| 22:54 | kingrog · age_up castle |
[ ANÁLISIS IA · 1 CRÉDITO ]
¿Qué pasó realmente en esta partida?
Wolo.gg analiza cada decisión: build order, eco, micro, errores típicos por bracket. Análisis personalizado por WhatsApp o Discord en 30 segundos.
Guía civ
Francos
Guía mapa
Arabia
Perfil
kingthom